 Dungeon Crawl Stone Soup version 0.27-a0-1456-gf5a116941d (webtiles) character file.

Game seed: 1030944055345421262

10871 octoduck the Unseen (level 11, -1/47 HPs)
             Began as a Spriggan Enchanter on July 6, 2021.
             Was the Champion of Okawaru.
             Slain by Gastronok (30 damage)
             ... on level 9 of the Dungeon.
             The game lasted 01:39:25 (24059 turns).

octoduck the Unseen (Spriggan Enchanter)           Turns: 24059, Time: 01:39:26

Health: -1/47      AC:  7    Str:  5    XL:     11   Next: 41%
Magic:  13/16      EV: 22    Int: 18    God:    Okawaru [******]
Gold:   339        SH:  0    Dex: 17    Spells: 0/15 levels left

rFire    . . .     SeeInvis +   M - +1 dagger (elec)
rCold    . . .     Faith    .   (shield restricted)
rNeg     . . .     Spirit   .   q - +0 robe {Will+}
rPois    .         Reflect  .   (helmet restricted)
rElec    .         Harm     .   B - +0 cloak
rCorr    .         Rampage  .   (gloves unavailable)
Will     ++...                  (boots unavailable)
Stlth    ++++++....             (no amulet)
HPRegen  0.15/turn              c - +4 ring of evasion
MPRegen  0.15/turn              e - +4 ring of protection

@: confusing by touch, very quick
A: very small, no large weapons, unfitting armour, see invisible, speed 3
a: Renounce Religion, Heroism, Finesse


You were on level 9 of the Dungeon.
You worshipped Okawaru.
Okawaru was exalted by your worship.
You visited 3 branches of the dungeon, and saw 14 of its levels.

You collected 683 gold pieces.
You spent 344 gold pieces at shops.

Inventory:

Hand Weapons
 G - a +3 short sword
 M - a +1 dagger of electrocution (weapon)
 O - a +2 dagger of draining
Missiles
 o - 2 throwing nets
 y - a curare-tipped dart
 z - 32 poisoned darts
Armour
 b - a +1 robe
 q - a +0 robe of willpower (worn)
 t - +0 steam dragon scales
 u - a +0 buckler
 B - a +0 cloak (worn)
Jewellery
 c - a +4 ring of evasion (left hand)
 e - a +4 ring of protection (right hand)
 L - a +6 ring of strength
Wands
 h - a wand of mindburst (13)
 n - a wand of polymorph (21)
 s - a wand of iceblast (3)
 x - a wand of digging (4)
Scrolls
 g - 4 scrolls of magic mapping
 k - 4 scrolls of enchant armour
 l - 2 scrolls of amnesia
 p - a scroll of blinking
 v - 3 scrolls of teleportation
 w - a scroll of summoning
 I - a scroll of vulnerability
 K - a scroll of silence
 N - a scroll of brand weapon
Potions
 d - 4 potions of curing
 f - a potion of resistance
 i - 6 potions of attraction
 j - 3 potions of mutation
 m - a potion of cancellation
 r - 3 potions of might
 A - 2 potions of invisibility
 C - a potion of lignification
 D - a potion of brilliance
 E - a potion of berserk rage
 H - a potion of degeneration {unknown}
 J - 2 potions of flight {unknown}


   Skills:
 - Level 9.6 Short Blades
 - Level 3.7 Dodging
 - Level 15.6 Stealth
 - Level 2.6 Spellcasting
 + Level 4.2 Conjurations
 - Level 11.6 Hexes
 - Level 3.7 Ice Magic


You couldn't memorise any spells.
You knew the following spells:

 Your Spells              Type           Power      Damage    Failure   Level
a - Corona                Hex            48%        N/A       1%          1
b - Ensorcelled Hibernat  Hex/Ice        60%        N/A       1%          2
c - Confusing Touch       Hex            44%        N/A       1%          3
d - Tukima's Dance        Hex            44%        N/A       1%          3
e - Slow                  Hex            44%        N/A       1%          2
f - Fulminant Prism       Conj/Hex       15%        3d11      6%          4

Your spell library contained the following spells:

 Spells                   Type           Power      Damage    Failure   Level
 Dazzling Flash           Conj/Hex       60%        N/A       1%          3
 Magic Dart               Conj           68%        1d6       3%          1
 Searing Ray              Conj           34%        3d4       4%          2
 Portal Projectile        Hex/Tloc       46%        N/A       4%          3
 Leda's Liquefaction      Hex/Erth       11%        N/A       16%         4
 Yara's Violent Unravell  Hex/Tmut       11%        3d6       38%         5
 Call Canine Familiar     Summ           2%         N/A       45%         3
 Iskenderun's Mystic Bla  Conj/Tloc      9%         2d4       56%         4
 Animate Armour           Summ/Erth      4%         N/A       86%         4
 Blade Hands              Tmut           1%         N/A       99%         5
 Iron Shot                Conj/Erth      4%         9d2       100%        6
 Starburst                Conj/Fire      4%         8x6d4     100%        6


Dungeon Overview and Level Annotations

Branches:
Dungeon (12/15)            Temple (1/1) D:5            Lair (1/6) D:9
    Orc: D:9-12

Altars:
Ashenzari
Cheibriados
Dithmenos
Elyvilon
Fedhas
Gozag
Hepliaklqana
Kikubaaqudgha
Makhleb
Nemelex Xobeh
Okawaru
Qazlal
Ru
Sif Muna
Trog
Uskayaw
Vehumet
Wu Jian
Xom
Yredelemnul
Zin
The Shining One
Beogh
Lugonu

Shops:
D:1 *   D:4 **   D:9 !   D:10 *

Annotations:
D:1 Terence
D:2 Jessica
D:3 2 transporters, 1 runed translucent door, Crazy Yiuf; sokol815's ghost, amateur OpEE
D:9 Gastronok
D:11 exclusion: door
D:12 Azrael
Lair:1 exclusions: 4 cane toads and oklob plant


Innate Abilities, Weirdness & Mutations

You are very small and have problems with some larger weapons.
You are too small for most types of armour.
You have supernaturally acute eyesight. (SInv)
You cover ground extremely quickly. (Speed+++)


Message History

Confirm with . or Enter, or press ? or * to list all spells.
Aiming: Ensorcelled Hibernation (safe; 1% risk of failure)
Press: ? - help, Shift-Dir - straight line, f - cane toad
Aim: a cane toad (moderately wounded, slow, chance to affect: 59%)
The cane toad looks drowsy...
The helpless cane toad fails to defend itself.
You skewer the cane toad like a kebab!!!!
You kill the cane toad!
Okawaru accepts your kill.
Your Conjurations skill increases to level 4!
You start resting.
Magic restored.
You see here a +1 dagger of draining.
Drop what? 40/52 slots (_ for help) (? for menu, Esc to quit)
Okay, then.
Drop what? 40/52 slots (_ for help) (? for menu, Esc to quit)
You drop a +1 vampiric dagger.
There is a stone staircase leading up here.
There is a stone staircase leading down here.
You climb downwards.
Level annotation: Gastronok
There is a stone staircase leading up here.
Done exploring.
You see here a +0 plate armour.
There is an open door here.
You see here a +0 short sword.
There is a staircase to the Lair here.
Gastronok gurgles horribly!
Gastronok is nearby!
Casting: Ensorcelled Hibernation (safe; 1% risk of failure)
Confirm with . or Enter, or press ? or * to list all spells.
Your hands begin to glow red.
Gastronok waves his eye-stalks in wide circles.
The air twists around and strikes you!!
You hit Gastronok but do no damage. You completely miss Gastronok.
You hit Gastronok but do no damage. You hit Gastronok but do no damage.
Gastronok bites you!!
Ouch! That really hurt!
You die...

....#....#.......................
....#....###############.........
....#..................#.........
..###...........#'####.##########
..#...#####.....#....#...........
..#...#...#.....#....#...........
..#...#...#.....#....#...........
###...#...'....w##'###.>.........
#.....#...#.....@................
#.....#...#......................
#.....#####....................##
#...................>..........#.
#..............####...........().
#..............# #.########...#.
#............######.######.#...#.
#............#...........#.#...#.
#............#.####.####.#.#...#.


You could see Gastronok.

Vanquished Creatures
  A hydra (D:11)
  A two-headed ogre (D:11)
  Pikel (D:6)
  A cyclops (D:8)
  A cane toad (D:8)
  2 unseen horrors
  3 wraiths
  Sigmund (D:6)
  18 yaks
  3 steam dragons
  4 vampire mosquitoes (D:11)
  4 water moccasins
  A hell hound (D:11)
  3 orc warriors
  2 sky beasts
  2 centaurs
  An ogre (D:6)
  A lemure (D:6)
  A kobold brigand (D:9)
  2 bullfrogs
  2 gnoll sergeants
  2 wyvern zombies
  A scorpion (D:6)
  2 water moccasin zombies (D:5)
  10 killer bees
  7 centaur zombies
  3 bullfrog zombies
  2 hounds
  2 jellies
  2 orc priests
  2 iguanas
  An iron imp (D:8)
  Natasha (twice) (D:3 D:2)
  6 orc wizards
  A scorpion zombie (D:5)
  A killer bee zombie (D:5)
  A hound zombie (D:5)
  3 hound skeletons
  3 howler monkey zombies
  7 adders
  10 gnolls
  3 white imps
  An adder zombie (D:5)
  A worm (D:2)
  2 dart slugs (D:1)
  15 orcs
  6 bats
  7 endoplasms
  6 giant cockroaches
  15 hobgoblins
  5 jackals
  11 kobolds
  5 quokkas
  5 ball pythons
  3 frilled lizards
  5 goblins
  5 rats
218 creatures vanquished.

Vanquished Creatures (collateral kills)
  A gnoll shaman (D:5)
  An orc priest (D:9)
  8 gnolls
  8 orcs
18 creatures vanquished.

Vanquished Creatures (others)
  4 dancing weapons
  A demonic plant (Temple)
  9 fulminant prisms
  2 plants (Lair:1)
  5 withered plants (D:5)
21 creatures vanquished.

Grand Total: 257 creatures vanquished

Notes
Turn   | Place    | Note
-------+----------+-------------------------------------------
     0 | D:1      | octoduck the Spriggan Enchanter began the quest for the
                  | Orb.
     0 | D:1      | Reached XP level 1. HP: 9/9 MP: 5/5
   318 | D:1      | You fall into a shaft and drop 1 floor!
   388 | D:2      | Noticed Jessica
   403 | D:2      | Found a faded altar of an unknown god.
   593 | D:1      | Found Suisy's Assorted Antiques.
   637 | D:1      | Reached XP level 2. HP: 7/13 MP: 6/6
   992 | D:1      | Learned a level 2 spell: Ensorcelled Hibernation
  1104 | D:1      | Reached skill level 5 in Stealth
  2401 | D:1      | Reached XP level 3. HP: 10/16 MP: 5/8
  2586 | D:1      | Bought a scroll labelled FOUZIV HONIO for 16 gold pieces
  2586 | D:1      | Bought a scroll labelled ASABAT ICZYSK for 16 gold pieces
  3218 | D:2      | Noticed Terence
  3651 | D:2      | Reached skill level 6 in Stealth
  3821 | D:2      | Reached skill level 5 in Hexes
  3821 | D:2      | Reached XP level 4. HP: 21/21 MP: 0/9
  4663 | D:3      | Noticed Natasha
  4667 | D:3      | Killed Natasha
  4687 | D:3      | Noticed Natasha
  4804 | D:3      | Found a hide-covered altar of Uskayaw.
  4804 | D:3      | Found a hazy altar of Hepliaklqana.
  4830 | D:2      | Killed Natasha
  4986 | D:3      | Found a blossoming altar of Fedhas.
  4998 | D:3      | Found a white marble altar of Elyvilon.
  5034 | D:3      | Reached XP level 5. HP: 24/24 MP: 7/10
  5062 | D:3      | Learned a level 3 spell: Confusing Touch
  5067 | D:3      | Found a transporter.
  5067 | D:3      | Noticed an ogre
  5068 | D:3      | Noticed sokol815's ghost (amateur OpEE)
  5070 | D:3      | Noticed an ogre
  5077 | D:3      | Found a transporter.
  5098 | D:3      | Found a bloodstained altar of Trog.
  5849 | D:3      | Reached skill level 7 in Stealth
  5880 | D:3      | Found an ancient bone altar of Kikubaaqudgha.
  6357 | D:3      | Found a runed translucent door.
  6358 | D:3      | Noticed Crazy Yiuf
  6739 | D:4      | Found Gozag's Platinum Reserve.
  6741 | D:4      | Found an opulent altar of Gozag.
  7456 | D:4      | Reached XP level 6. HP: 26/28 MP: 11/11
  7483 | D:4      | Found Ciprunk's Elemental Accessories.
  7799 | D:4      | Found an ornate altar of the Wu Jian Council.
  7806 | D:4      | Noticed a spectral centipede
  7806 | D:4      | Noticed a spectral black mamba
  7806 | D:4      | Noticed a spectral cane toad
  7884 | D:5      | Entered Level 5 of the Dungeon
  8519 | D:5      | Reached XP level 7. HP: 31/32 MP: 8/12
  8547 | D:5      | Learned a level 3 spell: Tukima's Dance
  8771 | D:5      | Found a staircase to the Ecumenical Temple.
  8777 | Temple   | Entered the Ecumenical Temple
  8882 | Temple   | Became a worshipper of Warmaster Okawaru
 10105 | D:5      | Reached skill level 10 in Hexes
 10208 | D:5      | Reached * piety under Okawaru
 10428 | D:6      | Noticed Pikel
 10485 | D:6      | Reached XP level 8. HP: 36/36 MP: 8/13
 10727 | D:6      | Noticed Sigmund
 11600 | D:6      | Reached skill level 5 in Short Blades
 11600 | D:6      | Reached skill level 8 in Stealth
 11927 | D:6      | Killed Pikel
 11927 | D:6      | Reached ** piety under Okawaru
 11928 | D:6      | Reached skill level 9 in Stealth
 12859 | D:7      | Found a shadowy altar of Dithmenos.
 12932 | D:7      | Found a glowing silver altar of Zin.
 13098 | D:7      | Reached skill level 10 in Stealth
 13216 | D:7      | Reached XP level 9. HP: 39/39 MP: 14/14
 13598 | D:8      | Reached skill level 11 in Stealth
 13608 | D:8      | Noticed an unseen horror
 13623 | D:8      | Killed an unseen horror
 13773 | D:8      | Reached skill level 12 in Stealth
 13979 | D:8      | Found a snail-covered altar of Cheibriados.
 14138 | D:8      | Found a sparkling altar of Nemelex Xobeh.
 14308 | D:8      | Noticed a cyclops
 15428 | D:9      | Reached skill level 13 in Stealth
 15642 | D:9      | Found a basalt altar of Yredelemnul.
 15676 | D:9      | Learned a level 2 spell: Slow
 15744 | D:9      | Found a staircase to the Lair.
 15876 | D:9      | Found a sacrificial altar of Ru.
 16016 | D:9      | Reached *** piety under Okawaru
 16271 | D:9      | Noticed Gastronok
 16367 | D:9      | Found Ytufeczi's Distillery.
 16377 | D:9      | Bought a potion of invisibility for 104 gold pieces
 16377 | D:9      | Bought a potion of might for 52 gold pieces
 16377 | D:9      | Bought a potion of lignification for 39 gold pieces
 16377 | D:9      | Bought a potion of brilliance for 52 gold pieces
 16377 | D:9      | Bought a potion of berserk rage for 65 gold pieces
 16938 | Lair:1   | Entered Level 1 of the Lair of Beasts
 17019 | Lair:1   | Noticed an oklob plant
 17019 | Lair:1   | Noticed a cane toad
 17143 | Lair:1   | Noticed a cane toad
 17287 | D:8      | Killed a cyclops
 17288 | D:8      | Reached skill level 14 in Stealth
 17288 | D:8      | Reached XP level 10. HP: 44/44 MP: 15/15
 17430 | D:6      | Killed Sigmund
 17692 | D:10     | Entered Level 10 of the Dungeon
 17702 | D:10     | Reached **** piety under Okawaru
 17945 | D:10     | Found a runed translucent door.
 18199 | D:10     | Found Memaun's General Store.
 18718 | D:10     | Reached skill level 15 in Stealth
 19100 | D:10     | Found a shimmering altar of Xom.
 19886 | D:9      | Reached ***** piety under Okawaru
 20113 | Lair:1   | Noticed a cane toad
 20113 | Lair:1   | Noticed a cane toad
 20221 | Lair:1   | Reached skill level 1 in Ice Magic
 20890 | Lair:1   | Noticed a seven-headed hydra
 21650 | D:11     | Reached XP level 11. HP: 47/47 MP: 16/16
 22484 | D:11     | Noticed a two-headed ogre
 22597 | D:11     | Noticed a five-headed hydra
 22619 | D:11     | Learned a level 4 spell: Fulminant Prism
 22670 | D:11     | Killed a two-headed ogre
 22671 | D:11     | Reached skill level 1 in Conjurations
 23147 | D:11     | Killed a five-headed hydra
 23147 | D:11     | Reached ****** piety under Okawaru
 23316 | D:12     | Noticed Azrael
 23316 | D:12     | Noticed a deep elf archer
 23316 | D:12     | Noticed a deep elf zephyrmancer
 23317 | D:12     | Noticed a deep elf knight
 24059 | D:9      | Slain by Gastronok

Illustrated notes

Levels and vault maps discovered:
D:1:      dpeg_arrival_round_c, layout_basic, serial_shops, nicolae_diamond_shop
D:2:      layout_rooms, shapermc_ecumenical_altar_venn,
          chequers_serial_rivers_micro_e, uniq_terence, uniq_jessica
D:3:      layout_loops_ring, chequers_temple_overflow_statue_of_worship,
          bloody_trog, kiku_gazebo_pond_becter, gammafunk_ghost_smash,
          uniq_natasha, uniq_crazy_yiuf_cottage
D:4:      layout_rooms, nicolae_gozag_zags_fifth_avenue,
          pdpol_wu_jian_five_deadly_venoms, nicolae_elemental_shop,
          grunt_ministairs_7, minmay_misc_feat_iff
D:5:      layout_loops_ring, minmay_temple_entry_fiery, serial_undead,
          serial_undead_a, serial_undead_e, serial_undead_f, serial_undead_e,
          minmay_diced_spiral
D:6:      minmay_inner_zag, layout_basic, uniq_sigmund, uniq_pikel
D:7:      layout_gridville, grunt_dithmenos_smoke, zin_treasury
D:8:      layout_basic, slow_altar_1, lemuel_coloured_pillars_altar,
          lemuel_old_faithful
D:9:      layout_irregular_city, nicolae_ru_sacrificial_ziggurat,
          lemuel_round_altar, lair_entry_dummy, serial_shops,
          kennysheep_little_box, uniq_gastronok
D:10:     layout_cross, nicolae_overflow_hidden_temple, serial_shops, shop,
          lightli_church_of_beogh
D:11:     layout_roguey
D:12:     layout_rooms, david_orc_2, uniq_azrael
Temple:   corrupted_temple
Lair:1:   layout_gridlike, grunt_forest_large_clearings,
          minmay_lair_oklob_chamber, uniq_maggie

Skill      XL: |  1  2  3  4  5  6  7  8  9 10 11 |
---------------+----------------------------------+-----
Hexes          | 4 5 6 8 10 11 | 11.6
Stealth        | 5 6 7 10 14 15 | 15.6
Short Blades   | 4 6 8 9 |  9.6
Ice Magic      | 3 |  3.7
Dodging        | 3 |  3.7
Conjurations   | 4 |  4.2
Spellcasting   | |  2.6

Action                   |  1- 3 |  4- 6 |  7- 9 | 10-12 || total
-------------------------+-------+-------+-------+-------++-------
Melee: Dagger            |   156 |   240 |   328 |   165 ||   889
 Cast: Ensorcelled Hiber |    29 |    55 |    36 |    48 ||   168
       Corona            |     2 |     6 |     4 |     1 ||    13
       Confusing Touch   |       |     7 |    35 |    20 ||    62
       Tukima's Dance    |       |       |    25 |    11 ||    36
       Slow              |       |       |       |    34 ||    34
       Fulminant Prism   |       |       |       |     9 ||     9
Evoke: Wand              |       |       |       |     7 ||     7
  Use: Scroll            |     7 |     1 |     8 |     5 ||    21
 Stab: Sleeping          |    16 |    43 |    29 |    30 ||   118
       Confused          |       |     9 |    40 |    14 ||    63
       Distracted        |       |       |     2 |       ||     2
Armor: Robe              |    15 |    27 |    17 |    15 ||    74
Dodge: Dodged            |   129 |   172 |   161 |    96 ||   558

Table legend: (Time is in decaauts)
 A = Elapsed time spent in this place.
 B = Non-inter-level travel time spent in this place.
 C = Inter-level travel time spent in this place.
 D = Time resting spent in this place.
 E = Time spent auto-exploring this place.
 F = Levels seen in this place.
 G = Mean time per level.
                   A        B        C        D        E       F      G
               +--------+--------+--------+--------+--------+-----+--------+
         Total |  18467 |  16650 |   1817 |   7808 |   4015 |  14 | 1319.1 |
       Dungeon |  18086 |  16318 |   1768 |   7756 |   3930 |  12 | 1507.2 |
        Temple |     74 |     50 |     24 |      0 |     16 |   1 |   74.0 |
          Lair |    306 |    283 |     23 |     52 |     68 |   1 |  306.0 |
               +--------+--------+--------+--------+--------+-----+--------+

Top non-repeatable levels by time:
     D:1: 2799 daAuts
     D:9: 2603 daAuts
     D:5: 2015 daAuts
    D:10: 1709 daAuts
     D:3: 1456 daAuts
     D:8: 1433 daAuts
    D:11: 1423 daAuts
     D:7: 1284 daAuts
     D:2: 1203 daAuts
     D:6: 1193 daAuts
     D:4: 961 daAuts
  Lair:1: 306 daAuts
  Temple: 74 daAuts
    D:12: 1 daAuts
